 Dungeon Crawl Stone Soup version 0.17.1-3-g152610e (webtiles) character file.

154 ololoev the Chopper (level 5, 0/41 HPs)
             Began as a Demonspawn Fighter on Mar 21, 2016.
             Was an Initiate of Okawaru.
             Succumbed to an adder's poison
             ... on level 2 of the Dungeon.
             The game lasted 00:09:31 (1022 turns).

ololoev the Chopper (Demonspawn Fighter)            Turns: 1022, Time: 00:09:32

Health: 0/41       AC:  7    Str: 17    XL:     5   Next: 13%
Magic:  6/6        EV:  6    Int: 10    God:    Okawaru [......]
Gold:   99         SH:  8    Dex: 12    Spells: 0 memorised, 4 levels left

rFire  + . .     SeeInvis +     a - +0 war axe
rCold  + . .     Clarity  .     b - +0 scale mail
rNeg   . . .     SustAt   .     c - +0 shield
rPois  +         Gourm    .     (no helmet)
rElec  +         Spirit   .     (no cloak)
rCorr  +         Warding  .     (no gloves)
rMut   .         Stasis   .     (no boots)
MR     .....                    (no amulet)
Stlth  ..........               (no ring)
                                l - ring of see invisible

@: lethally poisoned (0 -> -4), resistant, not resistant to hostile
enchantments, extremely unstealthy
A: molten scales 1
a: Renounce Religion


Innate Abilities, Weirdness & Mutations

You are partially covered in molten scales (AC +1).

Inventory:

Hand Weapons
 a - a +0 war axe (weapon)
Armour
 b - a +0 scale mail (worn)
 c - a +0 shield (worn)
Jewellery
 l - a ring of see invisible (left hand)
Scrolls
 j - a scroll of enchant weapon
 k - 2 scrolls of identify
Comestibles
 d - a slice of pizza
 e - 3 bread rations
 f - a beef jerky


   Skills:
 - Level 3.0 Fighting
 * Level 3.7 Axes
 + Level 3.6 Armour
 - Level 2.6 Shields
 + Level 2.4 Invocations


You had 4 spell levels left.
You didn't know any spells.


You were on level 2 of the Dungeon.
You worshipped Okawaru.
Okawaru was noncommittal.
You were hungry.

You visited 1 branch of the dungeon, and saw 4 of its levels.

You collected 99 gold pieces.

......# # .......
#.# # #.# # #.# #
#.# ###### #.#
##.....
########.##
#......
#?#.........#
#..####
#....@....>.#
#..# #
#...###.###..#
#..# # ...
#[####.####..# #
.
#.#..........####
..#.#..##........
.......####.#####
.....##.. ..#
#.### #.# ### $
..#

Notes
Turn   | Place    | Note
--------------------------------------------------------------
     0 | D:1      | ololoev the Demonspawn Fighter began the quest for the Orb.
     0 | D:1      | Reached XP level 1. HP: 18/18 MP: 1/1
   109 | D:2      | Noticed Natasha
   113 | D:2      | Killed Natasha
   113 | D:2      | Gained mutation: You are partially covered in molten scales (AC +1). [demonic ancestry]
   113 | D:2      | Reached XP level 2. HP: 17/24 MP: 2/2
   113 | D:2      | Reached XP level 3. HP: 20/29 MP: 3/3
   143 | D:2      | Found an iron altar of Okawaru.
   151 | D:2      | Became a worshipper of Warmaster Okawaru
   173 | D:2      | Noticed Sigmund
   326 | D:1      | Reached skill level 1 in Invocations
   515 | D:2      | Found a white marble altar of Elyvilon.
   516 | D:2      | Noticed Natasha
   519 | D:2      | Reached XP level 4. HP: 35/35 MP: 5/5
   526 | D:2      | Killed Natasha
   544 | D:2      | Noticed Natasha
   548 | D:2      | Killed Natasha
   549 | D:2      | Noticed Jessica
   553 | D:2      | Killed Jessica
   750 | D:4      | Noticed an ogre
   951 | D:3      | Reached XP level 5. HP: 18/41 MP: 6/6
  1016 | D:2      | HP: 2/41 [poisoned by an adder]
  1022 | D:2      | Succumbed to an adder's poison

Dungeon Overview and Level Annotations

Branches:
Dungeon (4/15)
 Temple: D:4-7

Altars:
Elyvilon
Okawaru

Annotations:
D:2 Sigmund


Message History

The gnoll shouts!
You slash the gnoll!
The gnoll is heavily wounded.
You block the gnoll's attack. The gnoll barely misses you.
The gnoll barely misses you. The gnoll hits you with a flail.
The gnoll throws a stone.
The stone hits you.
You see here a stone.
You see here a hobgoblin skeleton.
You swing at nothing.
You block the gnoll's attack. The gnoll closely misses you.
There is a stone staircase leading up here.
You climb upwards.
Level annotation: Sigmund The adder bites you but does no damage.
There is a stone staircase leading down here.
Unknown command.
You closely miss the adder. You block the adder's attack. The adder bites you.
You are poisoned.
The adder poisons you!
You closely miss the adder.
You feel sick. You block the adder's attack. The adder closely misses you.
You closely miss the adder. The adder barely misses you.
The adder bites you but does no damage.
You miss the adder.
You feel sick. You block the adder's attack. The adder bites you.
You are lethally poisoned!
The adder poisons you!
You slash the adder!
You kill the adder!
Okawaru accepts your kill.
You feel sick.
Drink which item? (? for menu, Esc to quit)
You feel protected.
You feel sick.
Found a scroll of teleportation.
You feel sick.
Found a ring mail.
You die...

There were no monsters in sight!

Vanquished Creatures
  Jessica (D:2)
  Natasha (thrice) (D:2)
  2 gnolls
  4 adders
  A giant gecko (D:3)
  4 bats
  5 hobgoblins
  5 jackals
  2 giant cockroaches (D:1)
  2 giant newts
  9 goblins
  2 kobolds (D:2)
  6 rats
46 creatures vanquished.

Action                   |  1- 3 |  4- 6 || total
-------------------------+-------+-------++-------
Melee: War axe           |    77 |    56 ||   133
  Use: Potion            |     2 |     2 ||     4
       Scroll            |     1 |     4 ||     5

Vault maps used:
D:1:      minmay_arrival_plants_in_alcoves
D:2:      kennysheep_okawaru_gauntlet, grunt_temple_overflow_octagram, hex_tiny,
          elyvilon_altar_5, uniq_jessica, uniq_natasha, uniq_sigmund
D:4:      minmay_temple_entry_large_hall, first_bread
